Map: King Sejong Station LE

Players

blackxored - Winner!

  • Race: Zerg Zerg
  • League: Platinum

Hikarie

  • Race: Protoss Protoss
  • League: Platinum

VOD

Have the link to the VOD?

Description

Time

  • Played on: June 25, 2016, 3:36 p.m.
  • Length: 15:04
Show
View Real Time Build Order
Export as new Build Order

blackxored Zerg - Winner!

Build Orders: Pool First 

Get SALT Encoding   

  12  0:01  Drone  
  13  0:08  Drone  
  14  0:17  Overlord  
  14  0:22  Extractor  
  14  0:23  Drone  
  15  0:35  Drone x2  
  17  0:49  Extractor  
  16  0:51  Spawning Pool  
  16  0:52  Drone  
  16  0:55  Drone  
  17  1:06  Drone  
  18  1:20  Hatchery  
  18  1:24  Drone  
  18  1:28  Drone  
  19  1:38  Drone  
  20  1:41  Queen  
  22  1:49  Overlord  
  22  2:06  Hatchery  
  21  2:09  Zergling x2  
  22  2:20  Zergling x2  
  23  2:26  Zergling x2  
  24  2:30  Metabolic Boost  
  25  2:37  Drone x2  
  25  2:41  Queen  
  25  2:44  Zergling x2  
  29  2:45  Zergling x2  
  30  2:54  Overlord  
  30  2:57  Drone x2  
  32  3:00  Drone  
  32  3:01  Drone  
  34  3:15  Pneumatized Carapace  
  34  3:17  Drone x2  
  34  3:18  Drone  
  37  3:32  Drone x4  
  37  3:33  Drone x3  
  44  3:41  Queen  
  46  3:47  Extractor, Drone  
  45  3:48  Roach Warren, Drone  
  45  3:52  Drone  
  45  3:53  Drone  
  45  3:55  Drone x2  
  49  4:14  Lair  
  49  4:44  Overlord x2  
  49  4:45  Overlord  
  49  5:02  Queen x2  
  49  5:04  Drone x14  
  67  5:20  Glial Reconstitution  
  67  5:22  Roach x3  
  67  5:23  Overlord x4  
  67  5:28  Hydralisk Den, Drone  
  73  5:52  Roach x8  
  89  6:00  Drone  
  89  6:02  Roach x2  
  94  6:07  Zergling x2  
  94  6:08  Zergling x2  
  96  6:26  Roach x3  
  96  6:27  Roach  
  96  6:28  Overlord x3  
  96  6:29  Overlord x2  
  114  6:47  Roach x6  
  116  6:58  Roach  
  116  6:59  Roach x2  
  122  7:08  Roach x3  
  128  7:14  Zergling x10  
  128  7:15  Zergling x8  
  137  7:23  Evolution Chamber  
  137  7:24  Drone, Evolution Chamber  
  137  7:26  Drone  
  137  7:33  Extractor  
  137  7:34  Extractor  
  134  7:46  Drone x6  
  134  7:49  Roach x2  
  144  7:52  Overlord x3  
  144  8:10  Overlord x4  
  144  8:11  Overlord  
  144  8:13  Overseer  
  144  8:14  Zerg Missile Weapons Level 1  
  144  8:15  Zerg Ground Armor Level 1  
  144  8:22  Roach x5  
  154  8:38  Muscular Augments  
  154  9:01  Drone x2  
  154  9:02  Extractor x2  
  155  9:03  Drone x6  
  155  9:04  Drone  
  155  9:06  Hatchery  
  155  9:08  Drone  
  161  9:10  Hatchery  
  161  9:12  Hydralisk x8  
  172  9:39  Extractor  
  172  9:41  Extractor  
  159  10:05  Ravager x2  
  159  10:06  Ravager x7  
  168  10:10  Roach  
  168  10:11  Roach x6  
  175  10:16  Ravager x2  
  175  10:20  Roach x3  
  154  10:24  Roach x2  
  154  10:25  Roach  
  154  10:26  Zergling x22  
  131  10:39  Zergling x8  
  135  10:54  Drone x5  
  132  11:15  Roach  
  132  11:16  Roach x7  
  139  11:24  Roach x4  
  147  11:32  Roach x3  
  145  11:41  Zergling x6  
  145  11:45  Drone  
  147  11:55  Ravager x5  
  147  11:56  Hydralisk x5, Ravager  
  153  12:07  Zergling x6  
  153  12:08  Zergling x2  
  149  12:14  Hydralisk x2  
  149  12:15  Hydralisk x7  
  153  12:16  Hydralisk x3  
  153  12:19  Lurker Den  
  173  12:26  Drone x6  
  179  12:48  Hydralisk x3  
  179  12:49  Hydralisk x6  
  179  12:50  Hydralisk  
  196  13:37  Hydralisk x2  
  188  14:05  Overseer x2  
  186  14:11  Drone x11  
  186  14:12  Drone x2  
  159  14:32  Roach x9  
  159  14:33  Roach x5  
  159  14:36  Hydralisk  
  145  14:56  Extractor  
  145  14:58  Extractor  
Show
View Real Time Build Order
Export as new Build Order

Hikarie Protoss 

Build Orders: 1 Gate Expand, Double Forge 

Get SALT Encoding   

  12  0:00  Probe (Chrono Boost)  
  13  0:11  Probe (Chrono Boost)  
  14  0:20  Pylon  
  14  0:22  Probe (Chrono Boost)  
  15  0:31  Assimilator  
  15  0:38  Probe (Chrono Boost)  
  15  0:41  Gateway  
  16  0:46  Assimilator  
  16  0:49  Probe (Chrono Boost)  
  17  1:00  Probe (Chrono Boost)  
  18  1:10  Probe (Chrono Boost)  
  19  1:21  Probe (Chrono Boost)  
  20  1:28  Nexus  
  20  1:39  Cybernetics Core  
  20  1:45  Assimilator  
  21  1:47  Probe (Chrono Boost)  
  21  1:56  Pylon  
  21  1:57  Probe (Chrono Boost)  
  22  2:08  Probe (Chrono Boost)  
  23  2:19  Mothership Core (Chrono Boost)  
  23  2:21  Warp Gate (Chrono Boost)  
  25  2:24  Adept (Chrono Boost)  
  27  2:37  Probe (Chrono Boost)  
  27  2:42  Probe (Chrono Boost)  
  29  2:48  Probe  
  29  2:50  Adept (Chrono Boost)  
  32  2:52  Probe  
  32  2:57  Pylon  
  33  3:01  Pylon  
  33  3:02  Probe x2  
  35  3:13  Probe  
  35  3:14  Adept (Chrono Boost)  
  35  3:15  Probe  
  39  3:26  Twilight Council  
  39  3:28  Probe  
  39  3:29  Probe  
  39  3:30  Pylon  
  41  3:39  Probe  
  41  3:41  Probe  
  43  3:50  Forge, Probe (Chrono Boost)  
  43  3:53  Probe (Chrono Boost)  
  45  3:56  Forge  
  45  4:04  Robotics Facility, Probe (Chrono Boost)  
  45  4:05  Gateway  
  46  4:13  Probe (Chrono Boost)  
  46  4:15  Probe (Chrono Boost)  
  48  4:19  Pylon  
  48  4:23  Gateway, Probe (Chrono Boost)  
  49  4:25  Gateway  
  49  4:30  Gateway  
  49  4:33  Probe (Chrono Boost)  
  49  4:37  Adept  
  52  4:44  Pylon  
  52  4:45  Resonating Glaives (Chrono Boost)  
  52  4:49  Assimilator  
  52  4:51  Assimilator  
  52  4:55  Observer  
  53  5:03  Photon Cannon  
  53  5:06  Probe x2 (Chrono Boost)  
  55  5:10  Protoss Ground Weapons Level 1 (Chrono Boost)  
  55  5:12  Sentry x2, Photon Cannon  
  59  5:16  Protoss Ground Armor Level 1 (Chrono Boost)  
  59  5:23  Probe  
  59  5:26  Observer  
  61  5:30  Sentry  
  61  5:32  Adept x2  
  67  5:39  Probe  
  67  5:40  Probe  
  69  5:48  Observer  
  70  5:56  Gateway x2  
  70  5:59  Gateway, Pylon  
  70  6:00  Gateway  
  70  6:07  Gateway x2  
  70  6:13  Immortal  
  70  6:18  Blink (Chrono Boost)  
  74  6:19  Pylon  
  74  6:27  Stalker x3  
  80  6:35  Pylon, Stalker  
  82  6:51  Stalker  
  82  6:52  Stalker x3  
  90  6:58  Immortal  
  94  7:06  Pylon  
  94  7:08  Pylon  
  94  7:10  Pylon  
  94  7:22  Stalker x2  
  96  7:23  Stalker, Protoss Ground Weapons Level 2 (Chrono Boost)  
  96  7:24  Stalker  
  102  7:42  Immortal (Chrono Boost)  
  106  8:02  Adept x7  
  106  8:03  Adept  
  122  8:09  Sentry x2  
  126  8:28  Nexus, Stalker x2  
  130  8:37  Pylon  
  130  8:39  Pylon  
  130  8:51  Pylon  
  130  8:54  Assimilator  
  130  9:00  Stalker x4, Assimilator  
  138  9:05  Protoss Ground Armor Level 2 (Chrono Boost)  
  138  9:18  Immortal  
  110  10:32  Immortal  
  110  10:34  Robotics Bay  
  108  10:38  Robotics Facility  
  108  10:39  Stalker x2  
  108  10:40  Stalker x6  
  124  10:47  Probe  
  124  10:48  Protoss Ground Weapons Level 3 (Chrono Boost), Probe  
  124  10:49  Probe  
  127  10:53  Charge  
  104  11:28  Stalker x8  
  104  11:29  Stalker  
  112  12:09  Immortal  
  112  12:10  Immortal  
  120  12:28  Templar Archives  
  120  12:31  Dark Shrine  
  120  12:33  Gateway  
  120  12:37  Gateway, Observer Gravitic Boosters  
  120  12:42  Gateway  
  120  12:43  Gateway  
  120  12:45  Gateway, Pylon  
  120  12:52  Immortal x2  
  123  13:40  Psionic Storm  
  123  13:44  Zealot x5  
  123  13:45  Zealot x4  
  118  13:58  High Templar x3  
  118  13:59  High Templar x2  
  128  14:08  Archon x2  
  59  14:53  High Templar x2  
  59  14:58  Archon  
Tags
 
Add a new tag
Caveats
  • Supply blocks, unpowered buildings, or Contaminate may cause inaccurate times.
  • Supply counts are checked every 10 seconds.